 Dungeon Crawl Stone Soup version 0.29-a0-555-g3b24f45cc1 (webtiles) character file.

Game seed: 7133094641101667115

1553 MechDurjaeses the Ducker (level 8, 0/64 HPs)
             Began as a Gnoll Gladiator on June 7, 2022.
             Slain by a centaur (5 damage)
             ... on level 6 of the Dungeon.
             The game lasted 00:16:38 (6969 turns).

MechDurjaeses the Ducker (Gnoll Gladiator)          Turns: 6969, Time: 00:16:39

Health: 0/64       AC:  6    Str: 15    XL:     8   Next: 88%
Magic:  13/13      EV: 14    Int:  9    God:
Gold:   182        SH:  0    Dex: 13    Spells: 13/14 levels left

rFire   . . .      SeeInvis .   a - +1 trident (freeze)
rCold   . . .      Faith    .   (no shield)
rNeg    . . .      Spirit   .   b - +0 leather armour
rPois   .          Reflect  .   c - +1 helmet
rElec   .          Harm     .   (no cloak)
rCorr   .          Rampage  .   (no gloves)
Will    .....                   n - +0 pair of boots
Stlth   ++........              w - amulet of the acrobat
HPRegen 0.20/turn               (no ring)
MPRegen 0.13/turn               (no ring)

@: no status effects
A: fangs 1, strong nose, distributed training
a: no special abilities


You were on level 6 of the Dungeon.
You visited 1 branch of the dungeon, and saw 6 of its levels.

You collected 182 gold pieces.

Inventory:

Hand Weapons
 a - a +1 trident of freezing (weapon)
 d - a +2 vorpal morningstar
 o - a +1 hand axe of freezing
Missiles
 e - 11 javelins (quivered)
 v - a throwing net
Armour
 b - a +0 leather armour (worn)
 c - a +1 helmet (worn)
 n - a +0 pair of boots (worn)
Magical Staves
 m - a staff of poison
Jewellery
 w - an amulet of the acrobat (around neck)
Wands
 D - a wand of paralysis (5)
Potions
 f - 2 potions of heal wounds {unknown}
 h - 3 potions of attraction {unknown}
 p - 2 potions of mutation {unknown}
 s - a potion of berserk rage {unknown}
 t - 2 potions of curing
 u - a potion of brilliance {unknown}
 B - 2 potions of flight {unknown}
 E - 2 potions of magic {unknown}


   Skills:
 + Level 5.9 Fighting
 + Level 3.6 Short Blades
 + Level 3.6 Long Blades
 + Level 3.6 Axes
 + Level 3.6 Maces & Flails
 + Level 7.5 Polearms
 + Level 3.6 Staves
 + Level 3.6 Slings
 + Level 3.6 Bows
 + Level 3.6 Crossbows
 + Level 5.9 Throwing
 + Level 3.6 Armour
 + Level 7.5 Dodging
 + Level 3.6 Stealth
 + Level 3.6 Shields
 + Level 3.6 Unarmed Combat
 + Level 3.6 Spellcasting
 + Level 3.0 Conjurations
 + Level 3.0 Hexes
 + Level 3.0 Summonings
 + Level 3.0 Necromancy
 + Level 3.0 Translocations
 + Level 3.0 Transmutations
 + Level 3.0 Fire Magic
 + Level 3.0 Ice Magic
 + Level 3.0 Air Magic
 + Level 3.0 Earth Magic
 + Level 3.0 Poison Magic
 + Level 4.0 Invocations
 + Level 3.6 Evocations


You had 13 spell levels left.
You knew the following spells:

 Your Spells              Type           Power      Damage    Failure   Level
a - Magic Dart            Conj           28%        1d4       10%         1

Your spell library contained the following spells:

 Spells                   Type           Power      Damage    Failure   Level
 Summon Small Mammal      Summ           28%        N/A       10%         1
 Call Imp                 Summ           7%         N/A       16%         2
 Call Canine Familiar     Summ           7%         N/A       30%         3
 Mephitic Cloud           Conj/Pois/Air  7%         N/A       30%         3
 Summon Guardian Golem    Hex/Summ       7%         N/A       30%         3


Dungeon Overview and Level Annotations

Branches:
Dungeon (6/15)
 Temple: D:4-7

Altars:
Cheibriados
Kikubaaqudgha
Vehumet
Wu Jian

Shops:
D:1 :


Innate Abilities, Weirdness & Mutations

You have very sharp teeth.
Your uncanny sense of smell can sniff out nearby items.
Your experience applies equally to all skills.


Message History

The orc hits you with a +0 rapier.
* * * LOW HITPOINT WARNING * * *
The orc hits you but does no damage.
An ogre comes into view. It is wielding a +0 giant club.
The centaur unwields a +0 shortbow.
The centaur closely misses you. The centaur completely misses you.
The orc barely misses you. The orc completely misses you.
You puncture the orc! You freeze the orc.
You kill the orc!
The centaur hits you.
* * * LOW HITPOINT WARNING * * *
The centaur kicks you but does no damage.
You hit the orc. You freeze the orc.
The orc is almost dead.
The centaur misses you.
The centaur kicks you but does no damage.
The orc hits you with a +0 rapier.
* * * LOW HITPOINT WARNING * * *
The centaur misses you. x2
You feel better. The orc barely misses you. The centaur barely misses you.
The centaur kicks you but does no damage.
You closely miss the orc.
The orc is almost dead.
The centaur hits you but does no damage.
The centaur closely misses you. The orc hits you but does no damage.
The centaur closely misses you.
The centaur kicks you but does no damage.
You hit the orc. You freeze the orc.
You kill the orc!
The centaur hits you.
* * * LOW HITPOINT WARNING * * *
The centaur closely misses you.
You hit the centaur. You freeze the centaur.
The centaur is moderately wounded.
The centaur closely misses you.
The centaur kicks you but does no damage.
You completely miss the centaur.
The centaur is moderately wounded.
The centaur hits you.
You die...

##........##
#..........#
#..........#
#..........#
#..........#
#..........#
..#........##
#..........#
#.....@....############
#.[..c)))..#..........#
#<...O.....#..........#
#......................#
#..........#............
..................)...>#
........##.......#######
####...###.......#
#.......#


You could see an ogre and a centaur.

Vanquished Creatures
  Sigmund (D:5)
  A wraith (D:5)
  An ice beast (D:6)
  A black bear (D:5)
  A centaur (D:5)
  A necrophage (D:5)
  4 scorpions
  An orc priest (D:3)
  7 hounds
  Jessica (D:3)
  2 iguanas
  3 orc wizards
  Terence (D:3)
  A gnoll (D:5)
  5 adders
  An ufetubus (D:5)
  4 worms (D:2)
  3 dart slugs
  39 orcs
  5 ball pythons
  2 bats
  3 endoplasms
  3 giant cockroaches
  5 goblins
  6 hobgoblins
  5 jackals
  9 kobolds
  2 quokkas (D:2)
  4 frilled lizards
  4 rats
126 creatures vanquished.

Vanquished Creatures (collateral kills)
  An orc priest (D:6)
  A shadow imp (D:6)
2 creatures vanquished.

Grand Total: 128 creatures vanquished

Notes
Turn   | Place    | Note
-------+----------+-------------------------------------------
     0 | D:1      | MechDurjaeses the Gnoll Gladiator began the quest for the
                  | Orb.
     0 | D:1      | Reached XP level 1. HP: 20/20 MP: 1/1
   115 | D:1      | Found a faded altar of an unknown god.
   209 | D:1      | Reached XP level 2. HP: 26/26 MP: 2/2
   212 | D:1      | Learned a level 1 spell: Magic Dart
   549 | D:1      | Found Bytzaj's Book Shop.
   796 | D:2      | Reached XP level 3. HP: 31/31 MP: 3/3
  1062 | D:2      | Reached skill level 1 in Invocations
  1325 | D:2      | Reached skill level 1 in Short Blades
  1325 | D:2      | Reached skill level 1 in Long Blades
  1325 | D:2      | Reached skill level 1 in Axes
  1325 | D:2      | Reached skill level 1 in Maces & Flails
  1325 | D:2      | Reached skill level 1 in Staves
  1325 | D:2      | Reached skill level 1 in Slings
  1325 | D:2      | Reached skill level 1 in Bows
  1325 | D:2      | Reached skill level 1 in Crossbows
  1325 | D:2      | Reached skill level 1 in Armour
  1325 | D:2      | Reached skill level 1 in Stealth
  1325 | D:2      | Reached skill level 1 in Shields
  1325 | D:2      | Reached skill level 1 in Unarmed Combat
  1325 | D:2      | Reached skill level 1 in Spellcasting
  1325 | D:2      | Reached skill level 1 in Evocations
  1765 | D:3      | Noticed a scorpion
  1793 | D:3      | Killed a scorpion
  1794 | D:3      | Reached skill level 1 in Conjurations
  1794 | D:3      | Reached skill level 1 in Hexes
  1794 | D:3      | Reached skill level 1 in Summonings
  1794 | D:3      | Reached skill level 1 in Necromancy
  1794 | D:3      | Reached skill level 1 in Translocations
  1794 | D:3      | Reached skill level 1 in Transmutations
  1794 | D:3      | Reached skill level 1 in Fire Magic
  1794 | D:3      | Reached skill level 1 in Ice Magic
  1794 | D:3      | Reached skill level 1 in Air Magic
  1794 | D:3      | Reached skill level 1 in Earth Magic
  1794 | D:3      | Reached skill level 1 in Poison Magic
  1794 | D:3      | Reached XP level 4. HP: 38/38 MP: 5/5
  1847 | D:3      | Reached XP level 5. HP: 43/43 MP: 6/6
  2234 | D:3      | Noticed Terence
  2252 | D:3      | Killed Terence
  2328 | D:3      | Noticed Jessica
  2334 | D:3      | Killed Jessica
  2347 | D:3      | Learned a level 1 spell: Summon Small Mammal
  2465 | D:3      | Reached XP level 6. HP: 24/50 MP: 6/8
  3121 | D:3      | Reached skill level 5 in Fighting
  3121 | D:3      | Reached skill level 5 in Throwing
  3667 | D:4      | Reached XP level 7. HP: 23/56 MP: 10/10
  4087 | D:4      | Found an ornate altar of the Wu Jian Council.
  4124 | D:4      | Found a large runed translucent door.
  4125 | D:4      | Found a large runed translucent door.
  4559 | D:4      | Found an ancient bone altar of Kikubaaqudgha.
  4569 | D:4      | Found a snail-covered altar of Cheibriados.
  4597 | D:5      | Entered Level 5 of the Dungeon
  4653 | D:5      | Noticed a wraith
  4663 | D:5      | Killed a wraith
  5130 | D:5      | Reached XP level 8. HP: 63/63 MP: 12/12
  5408 | D:5      | Noticed Sigmund
  5423 | D:5      | Killed Sigmund
  6237 | D:5      | Paralysed by an orc for 5 turns
  6899 | D:6      | Found a radiant altar of Vehumet.
  6964 | D:6      | HP: 2/64 [orc/+0 rapier (2)]
  6969 | D:6      | Slain by a centaur

Illustrated notes

Levels and vault maps discovered:
D:1:      grunt_arrival_crossed_arrows, layout_rooms, serial_shops,
          nicolae_lakefront_shop, shapermc_ecumenical_altar_mp_urbaneastern
D:2:      layout_loops_ring
D:3:      layout_basic, uniq_jessica, uniq_terence
D:4:      layout_cave_pools, mainiacjoe_overflow_tiny_flanked,
          jmf_multi_god_temple2
D:5:      kennysheep_spiral_hall, layout_basic, minivault_26,
          minmay_misc_feat_iff, uniq_sigmund
D:6:      layout_rooms, mainiacjoe_overflow_boulevard,
          mainiacjoe_overflow_alcove_2, enter_ossuary_1

Skill      XL: |  1  2  3  4  5  6  7  8 |
---------------+-------------------------+-----
Invocations    | 1 2 3 4 |  4.0
Short Blades   | 1 2 3 |  3.6
Long Blades    | 1 2 3 |  3.6
Axes           | 1 2 3 |  3.6
Maces & Flails | 1 2 3 |  3.6
Staves         | 1 2 3 |  3.6
Slings         | 1 2 3 |  3.6
Bows           | 1 2 3 |  3.6
Crossbows      | 1 2 3 |  3.6
Armour         | 1 2 3 |  3.6
Stealth        | 1 2 3 |  3.6
Shields        | 1 2 3 |  3.6
Unarmed Combat | 1 2 3 |  3.6
Spellcasting   | 1 2 3 |  3.6
Evocations     | 1 2 3 |  3.6
Conjurations   | 1 2 3 |  3.0
Hexes          | 1 2 3 |  3.0
Summonings     | 1 2 3 |  3.0
Necromancy     | 1 2 3 |  3.0
Translocations | 1 2 3 |  3.0
Transmutations | 1 2 3 |  3.0
Fire Magic     | 1 2 3 |  3.0
Ice Magic      | 1 2 3 |  3.0
Air Magic      | 1 2 3 |  3.0
Earth Magic    | 1 2 3 |  3.0
Poison Magic   | 1 2 3 |  3.0
Fighting       | 5 |  5.9
Throwing       | 5 |  5.9
Polearms       | 7 |  7.5
Dodging        | 7 |  7.5

Action                   |  1- 3 |  4- 6 |  7- 9 || total
-------------------------+-------+-------+-------++-------
Melee: Trident           |   133 |    55 |    21 ||   209
       Bite              |    14 |    10 |    22 ||    46
       Punch             |     3 |     1 |     3 ||     7
       Morningstar       |       |    70 |   141 ||   211
       Staff             |       |    14 |    16 ||    30
       Hand axe          |       |       |    15 ||    15
Throw: Throwing net      |       |     3 |       ||     3
       Javelin           |       |       |     3 ||     3
 Cast: Magic Dart        |     9 |     3 |     3 ||    15
       Summon Small Mamm |       |     3 |     4 ||     7
Evoke: Wand              |       |       |     1 ||     1
  Use: Scroll            |     3 |     2 |    14 ||    19
       Potion            |     1 |       |     4 ||     5
 Stab: Sleeping          |     1 |       |     2 ||     3
       Distracted        |       |     1 |     1 ||     2
       Paralysed         |       |       |     4 ||     4
Armor: Leather armour    |    26 |    43 |    93 ||   162
       Skin              |     8 |       |       ||     8
Dodge: Dodged            |    55 |   124 |   210 ||   389

Table legend: (Time is in decaauts)
 A = Elapsed time spent in this place.
 B = Non-inter-level travel time spent in this place.
 C = Inter-level travel time spent in this place.
 D = Time resting spent in this place.
 E = Time spent auto-exploring this place.
 F = Levels seen in this place.
 G = Mean time per level.
                   A        B        C        D        E       F      G
               +--------+--------+--------+--------+--------+-----+--------+
         Total |   7063 |   6888 |    175 |   2599 |   3107 |   6 | 1177.2 |
       Dungeon |   7063 |   6888 |    175 |   2599 |   3107 |   6 | 1177.2 |
               +--------+--------+--------+--------+--------+-----+--------+

Top non-repeatable levels by time:
     D:5: 2340 daAuts
     D:3: 2009 daAuts
     D:2: 1059 daAuts
     D:4: 878 daAuts
     D:1: 696 daAuts
     D:6: 79 daAuts
